Map: Ley Lines

Players

LunaR

  • Race: Zerg Zerg
  • League: Diamond
  • Spawn Location: 1:00

wootwoot - Winner!

  • Race: Zerg Zerg
  • League: Diamond
  • Spawn Location: 7:00

VOD

Have the link to the VOD?

Description

Time

  • Played on: April 22, 2025, 7:09 a.m.
  • Length: 4:25
Show
View Real Time Build Order
Export as new Build Order

LunaR Zerg 

Build Orders: Pool First 

Get SALT Encoding   

  12  0:18  Spawning Pool  
  12  0:21  Drone  
  12  0:26  Drone  
  13  0:30  Drone  
  14  0:40  Overlord  
  14  1:05  Zergling x6  
  17  1:16  Zergling x2  
  18  1:26  Hatchery  
  18  1:27  Zergling x2  
  18  1:31  Extractor  
  17  1:35  Queen  
  17  1:39  Drone  
  20  1:48  Overlord  
  20  2:00  Drone  
  21  2:09  Drone  
  22  2:23  Drone  
  22  2:36  Zergling x2  
  19  2:40  Metabolic Boost  
  19  2:43  Zergling x4  
  21  2:46  Queen  
  21  2:50  Zergling x2  
  24  2:56  Zergling x2  
  25  3:02  Overlord  
  25  3:15  Zergling x6  
  25  3:16  Overlord  
Show
View Real Time Build Order
Export as new Build Order

wootwoot Zerg - Winner!

Build Orders: Hatch First 

Get SALT Encoding   

  12  0:00  Drone  
  13  0:12  Overlord  
  13  0:18  Drone  
  14  0:31  Drone x2  
  16  0:47  Hatchery  
  15  0:51  Drone  
  15  0:53  Drone  
  15  0:57  Drone  
  18  1:00  Extractor  
  17  1:13  Spawning Pool  
  17  1:16  Drone  
  17  1:19  Drone  
  18  1:28  Drone  
  19  1:40  Overlord  
  19  2:00  Metabolic Boost  
  19  2:01  Zergling x4  
  19  2:02  Zergling x2  
  19  2:03  Queen  
  24  2:10  Zergling x2  
  24  2:15  Zergling x2  
  26  2:24  Zergling x4  
  26  2:34  Zergling x4  
  30  2:45  Queen  
  30  2:47  Zergling x2  
  30  2:49  Zergling x2  
  32  2:54  Zergling x2  
  32  2:56  Zergling x2  
  34  3:03  Overlord  
  34  3:15  Zergling x4  
  36  3:21  Overlord  
  36  3:22  Zergling x4  
  36  3:26  Zergling x2  
  39  3:30  Zergling x2  
  40  3:36  Zergling x2  
  40  3:40  Zergling x2  
  39  3:55  Zergling x6  
  39  3:56  Zergling x8  
Tags
 
Matchup
ZvZ
Race
Zerg
Replay Pack
#1B2M-Replays
Spawn Locations
Cross Positions
Add a new tag
Caveats
  • Supply blocks, unpowered buildings, or Contaminate may cause inaccurate times.
  • Supply counts are checked every 10 seconds.